 Dungeon Crawl Stone Soup version 0.31.0-11-ge490571c62 (webtiles) character file.

Game seed: 579009321114453778

9196 qw the Nimble (level 11, 0/55 HPs)
             Began as a Spriggan Hunter on Feb 3, 2024.
             Was a Believer of Okawaru.
             Killed by divine providence
             ... invoked by an orc priest
              (12 damage)
             ... on level 10 of the Dungeon.
             The game lasted 00:00:33 (6385 turns).

qw the Nimble (Spriggan Hunter)                     Turns: 6385, Time: 00:00:34

Health: 0/55       AC: 11    Str:  7    XL:     11   Next: 19%
Magic:  15/15      EV: 37    Int: 10    God:    Okawaru [**....]
Gold:   614        SH:  0    Dex: 30    Spells: 10/10 levels left

rFire   . . .        d - +3 arbalest (elec)
rCold   . . .        (shield currently unavailable)
rNeg    . . .        s - +4 steam dragon scales
rPois   .            (helmet restricted)
rElec   +            (no cloak)
rCorr   .            (gloves unavailable)
SInv    +            (boots unavailable)
Will    ++...        (no amulet)
Stlth   +++          n - ring of willpower
HPRegen 0.29/turn    i - +6 ring of dexterity
MPRegen 0.14/turn

%: no passive effects
@: lethally poisoned (0 -> -6), about to teleport, very quick
A: very small, no large weapons, unfitting armour, see invisible, speed 3,
iridescent scales 1, electricity resistance, sturdy frame 1
a: Renounce Religion, Heroism


You were on level 10 of the Dungeon.
You worshipped Okawaru.
Okawaru was pleased with you.
You visited 2 branches of the dungeon, and saw 11 of its levels.

You collected 614 gold pieces.


Innate Abilities, Weirdness & Mutations

You are very small and have problems with some larger weapons.
You are too small for most types of armour.
You have supernaturally acute eyesight. (SInv)
You cover ground extremely quickly. (Speed+++)
You are partially covered in iridescent scales. (AC +2)
You are resistant to electric shocks. (rElec)
Your movements are slightly less encumbered by armour. (ER -2)


   Skills:
 - Level 5.1 Fighting
 - Level 12.0 Ranged Weapons
 - Level 1.0 Armour
 + Level 14.5 Dodging
 - Level 1.5 Stealth
 - Level 4.1 Invocations


You had 10 spell levels left.
You didn't know any spells.
Your spell library was empty.

Inventory:

Hand Weapons
 d - a +3 arbalest of electrocution (weapon)
Armour
 s - +4 steam dragon scales (worn)
Jewellery
 i - a +6 ring of dexterity (right hand)
 l - a ring of fire
 n - a ring of willpower (left hand)
Wands
 c - a wand of iceblast (4)
 f - a wand of paralysis (9)
 h - a wand of mindburst (8)
Scrolls
 k - 2 scrolls of torment {unknown}
 m - 2 scrolls of identify
 o - 2 scrolls of teleportation
Potions
 a - a potion of mutation
 b - 3 potions of curing
 e - a potion of might
 g - a potion of heal wounds
 j - 2 potions of cancellation
 p - a potion of enlightenment
 q - a potion of degeneration {unknown}
 r - a potion of haste

Dungeon Overview and Level Annotations

Branches:
Dungeon (10/15)            Temple (1/1) D:4            Lair (0/5) D:10
    Orc: D:9-12

Altars:
Ashenzari
Cheibriados
Dithmenos
Elyvilon
Fedhas
Gozag
Hepliaklqana
Kikubaaqudgha
Makhleb
Nemelex Xobeh
Okawaru
Qazlal
Ru
Sif Muna
Trog
Uskayaw
Vehumet
Wu Jian
Xom
Yredelemnul
Zin
The Shining One

Shops:
D:10 :

Portals:
Bailey: D:7


Message History

An orc priest comes into view. It is wielding a +0 trident.
The orc priest casts a cantrip, but nothing happens.
The killer bee completely misses you.
You shoot a bolt. The bolt hits the killer bee!
You kill the killer bee!
Okawaru accepts your kill.
The orc priest calls down the wrath of Beogh upon you.
Beogh smites you! The orc completely misses you.
You shoot a bolt. The bolt hits the orc!!
You kill the orc!
Okawaru accepts your kill. The killer bee completely misses you.
The orc priest looks encouraged for a moment.
The killer bee completely misses you.
You shoot a bolt. The bolt closely misses the killer bee.
The bolt hits the killer bee!!
You kill the killer bee!
Okawaru accepts your kill. The killer bee misses you.
The orc priest casts a cantrip, but nothing happens.
The killer bee completely misses you.
You shoot a bolt. The bolt hits the killer bee!!!
Lightning courses through the killer bee!
You kill the killer bee!
Okawaru accepts your kill. The killer bee completely misses you.
The orc priest invokes the aid of Beogh against the orc warrior.
Beogh smites you! The killer bee closely misses you.
6384 ||| READING 3 scrolls of teleportation.
As you read the scroll of teleportation, it crumbles to dust.
You feel strangely unstable. The killer bee completely misses you.
The killer bee closely misses you.
You shoot a bolt. The bolt hits the killer bee.
The killer bee is moderately wounded.
The killer bee barely misses you. The killer bee stings you.
You are poisoned.
The killer bee poisons you!
The orc priest invokes the aid of Beogh against the orc priest.
Beogh smites you!
You die...

###### ##....###
#..##...# #.#####.#
#.###...# ..
#..##@### #..
##.#8y8# ##.###
#.##ooo# ##....##
#..##o... ##.......
#...##..>. ##........
#....##8.8##.........
#.....#####..........
#....................
#....................


You could see an orc warrior, a killer bee and 3 orc priests.

Vanquished Creatures
  2 two-headed ogres (D:10)
  A boulder beetle (D:9)
  An oklob plant (D:10)
  Joseph (D:8)
  2 trolls (D:10)
  Prince Ribbit (D:5)
  A shadow (D:9)
  3 wyverns
  5 yaks (D:9)
  A vampire mosquito (D:8)
  5 steam dragons
  A water moccasin (D:7)
  2 orc warriors
  A black bear (D:4)
  A sky beast (D:8)
  3 ice beasts
  4 ogres
  4 centaurs
  3 phantoms
  2 kobold brigands
  4 bullfrogs
  6 scorpions
  8 wights
  4 killer bees (D:10)
  3 howler monkeys
  2 jellies
  3 hounds
  5 orc priests
  2 gnoll boudas
  Jessica (D:3)
  5 iguanas
  7 orc wizards
  10 gnolls
  8 adders
  2 shadow imps
  3 white imps
  An ufetubus (D:5)
  A ribbon worm (D:5)
  6 dart slugs
  22 orcs
  4 ball pythons
  4 bats
  4 endoplasms
  10 goblins
  7 hobgoblins
  4 jackals (D:2)
  3 quokkas
  A frilled lizard (D:1)
  11 kobolds
  3 rats
198 creatures vanquished.

Vanquished Creatures (others)
  An ufetubus (D:6)
1 creature vanquished.

Grand Total: 199 creatures vanquished

Notes
Turn   | Place    | Note
-------+----------+-------------------------------------------
     0 | D:1      | qw the Spriggan Hunter began the quest for the Orb.
     0 | D:1      | Reached XP level 1. HP: 10/10 MP: 2/2
     0 | D:1      | 0 ||| qw: Version: 0.3-a-157-g843a77d
     0 | D:1      | 0 ||| qw: Game counter: 3692
     0 | D:1      | 0 ||| qw: Melee chars always use a shield: true
     0 | D:1      | 0 ||| qw: God list: Okawaru
     0 | D:1      | 0 ||| qw: Allow faded altars: false
     0 | D:1      | 0 ||| qw: Do Orc after clearing Dungeon:15 true
     0 | D:1      | 0 ||| qw: Do second Lair branch before Depths: true
     0 | D:1      | 0 ||| qw: Lair rune preference: random
     0 | D:1      | 0 ||| qw: Goals: Normal
     0 | D:1      | 0 ||| PLANNING D:1-11
    20 | D:1      | Reached skill level 3 in Dodging
   217 | D:1      | Reached XP level 2. HP: 14/14 MP: 3/3
   322 | D:1      | Reached skill level 4 in Dodging
   567 | D:1      | 567 ||| READING scroll labelled ONEIXOGR EMUL.
   567 | D:1      | 567 ||| BRANDING +0 shortbow.
   568 | D:1      | 568 ||| READING scroll labelled OCUREYCVIS.
   568 | D:1      | 568 ||| IDENTIFYING bubbling inky potion
   569 | D:1      | 569 ||| READING scroll labelled EQACVU TIKLILID.
   569 | D:1      | Identified a scroll of acquirement
   569 | D:1      | 569 ||| ACQUIRING +2 arbalest of freezing
   569 | D:1      | Acquired a +2 arbalest of freezing
   571 | D:1      | 571 ||| SWAPPING to +2 arbalest of freezing.
   572 | D:1      | 572 ||| DROPPING +0 shortbow of draining.
   573 | D:1      | 573 ||| DRINKING 2 glowing red potions.
   574 | D:1      | 574 ||| DROPPING scroll of butterflies.
   813 | D:2      | Reached XP level 3. HP: 18/18 MP: 4/4
  1357 | D:2      | 1357 ||| READING scroll labelled TULEMMAQEO.
  1388 | D:3      | Noticed Jessica
  1389 | D:3      | Killed Jessica
  1390 | D:3      | Reached XP level 4. HP: 22/22 MP: 5/5
  1426 | D:3      | Found a blossoming altar of Fedhas.
  1507 | D:3      | Found a shadowy altar of Dithmenos.
  1882 | D:3      | 1882 ||| READING scroll of identify.
  1882 | D:3      | 1882 ||| IDENTIFYING bubbling orange potion
  1883 | D:3      | 1883 ||| READING scroll labelled LAOCEFFO HIOSEORE.
  1884 | D:3      | 1884 ||| READING 3 scrolls labelled ZABLOUKHL VYOMA.
  1884 | D:3      | 1884 ||| ENCHANTING +0 robe.
  1885 | D:3      | 1885 ||| DRINKING 2 viscous dark potions.
  1885 | D:3      | Gained mutation: You are resistant to electric shocks.
                  | (rElec) [potion of mutation]
  1885 | D:3      | Gained mutation: You have hidden genetic potential. [potion
                  | of mutation]
  1886 | D:3      | 1886 ||| DRINKING 2 grey potions.
  1928 | D:4      | Noticed an ogre
  1929 | D:4      | 1929 ||| DRINKING potion of haste.
  1932 | D:4      | Killed an ogre
  1933 | D:4      | Reached skill level 6 in Dodging
  1933 | D:4      | Reached XP level 5. HP: 25/25 MP: 6/6
  1937 | D:4      | Noticed an ogre
  1939 | D:4      | Killed an ogre
  1952 | D:4      | Reached XP level 6. HP: 32/32 MP: 7/7
  1967 | D:4      | Gained mutation: You are partially covered in iridescent
                  | scales. (AC +2) [hidden potential]
  1980 | D:4      | Reached skill level 6 in Ranged Weapons
  2009 | D:4      | Found a staircase to the Ecumenical Temple.
  2010 | D:4      | 2010 ||| PLANNING TEMPLE
  2219 | D:4      | 2219 ||| UPGRADING to ring of willpower.
  2220 | D:4      | 2220 ||| READING 2 scrolls of identify.
  2220 | D:4      | 2220 ||| IDENTIFYING orange potion
  2221 | D:4      | 2221 ||| READING scroll of identify.
  2221 | D:4      | 2221 ||| IDENTIFYING scroll labelled SOSMIY KOTUYHI
  2222 | D:4      | 2222 ||| READING scroll of enchant weapon.
  2222 | D:4      | 2222 ||| ENCHANTING +2 arbalest of freezing.
  2223 | D:4      | 2223 ||| READING scroll labelled JUIRAK OHEULU.
  2269 | Temple   | Entered the Ecumenical Temple
  2270 | Temple   | 2270 ||| PLANNING D:1-11
  2304 | D:4      | Reached XP level 7. HP: 35/35 MP: 8/8
  2431 | D:4      | Found a burning altar of Makhleb.
  2514 | D:4      | 2514 ||| DROPPING amulet of magic regeneration.
  2530 | D:5      | Entered Level 5 of the Dungeon
  2557 | D:5      | Gained mutation: Your movements are slightly less
                  | encumbered by armour. (ER -2) [hidden potential]
  2557 | D:5      | Lost mutation: You have hidden genetic potential. [hidden
                  | potential expressed]
  2618 | D:5      | Noticed Prince Ribbit
  2619 | D:5      | 2619 ||| ZAPPING wand of paralysis (8) at 5,4 (Prince
                  | Ribbit; floor).
  2621 | D:5      | 2621 ||| ZAPPING wand of paralysis (7) at 1,2 (Prince
                  | Ribbit; floor).
  2622 | D:5      | 2622 ||| ZAPPING wand of paralysis (6) at 1,1 (Prince
                  | Ribbit; floor).
  2624 | D:5      | Killed Prince Ribbit
  2625 | D:5      | Reached skill level 8 in Dodging
  2640 | D:5      | Identified the +9 whip of the Pillar {heavy, rN+ Str+3
                  | SInv}
  2767 | D:5      | Reached XP level 8. HP: 39/39 MP: 9/9
  2998 | D:5      | Reached skill level 3 in Fighting
  3113 | D:5      | Reached skill level 9 in Ranged Weapons
  3150 | D:5      | 3150 ||| READING scroll labelled UXZECRE LEDY.
  3196 | D:5      | 3196 ||| READING scroll labelled YCWYSS QUENU.
  3218 | D:6      | 3218 ||| STAIRDANCE
  3262 | D:6      | 3262 ||| STAIRDANCE
  3282 | D:6      | Reached skill level 9 in Dodging
  3284 | D:6      | 3284 ||| READING scroll of brand weapon.
  3284 | D:6      | 3284 ||| BRANDING +3 arbalest of freezing.
  3652 | D:6      | 3652 ||| READING scroll of identify.
  3652 | D:6      | 3652 ||| IDENTIFYING yellow potion
  3653 | D:6      | 3653 ||| READING scroll labelled HYUCZYHIPY.
  3654 | D:6      | 3654 ||| DROPPING potion of magic.
  3712 | D:7      | Reached XP level 9. HP: 42/44 MP: 10/10
  3777 | D:7      | Reached skill level 10 in Dodging
  3860 | D:7      | 3860 ||| READING scroll of brand weapon.
  3860 | D:7      | 3860 ||| BRANDING +3 arbalest of draining.
  4094 | D:7      | Found a shimmering blue altar of Sif Muna.
  4190 | D:7      | Found a flagged portal.
  4271 | D:7      | 4271 ||| READING scroll of identify.
  4271 | D:7      | 4271 ||| IDENTIFYING clear potion
  4272 | D:7      | 4272 ||| READING scroll labelled LERURHYANE.
  4373 | D:7      | 4373 ||| DROPPING potion of invisibility.
  4644 | D:8      | Reached skill level 11 in Dodging
  4710 | D:8      | Noticed Joseph
  4711 | D:8      | 4711 ||| ZAPPING wand of paralysis (5) at 0,-2 (Joseph;
                  | floor).
  4716 | D:8      | Killed Joseph
  4871 | D:8      | Found a hazy altar of Hepliaklqana.
  5093 | D:8      | Reached XP level 10. HP: 50/50 MP: 11/11
  5104 | D:8      | Reached skill level 12 in Dodging
  5139 | D:8      | 5139 ||| UPGRADING to +0 steam dragon scales.
  5149 | D:8      | 5149 ||| DROPPING +1 robe.
  5150 | D:8      | 5150 ||| READING 3 scrolls of enchant armour.
  5150 | D:8      | 5150 ||| ENCHANTING +0 steam dragon scales.
  5151 | D:8      | 5151 ||| READING 2 scrolls of enchant armour.
  5151 | D:8      | 5151 ||| ENCHANTING +1 steam dragon scales.
  5152 | D:8      | 5152 ||| READING scroll of enchant armour.
  5152 | D:8      | 5152 ||| ENCHANTING +2 steam dragon scales.
  5153 | D:8      | 5153 ||| UPGRADING to +6 ring of dexterity.
  5154 | D:8      | 5154 ||| READING scroll of identify.
  5154 | D:8      | 5154 ||| IDENTIFYING viscous orange potion
  5155 | D:8      | 5155 ||| DROPPING potion of lignification.
  5190 | D:9      | Reached skill level 1 in Armour
  5289 | D:9      | Noticed a boulder beetle
  5290 | D:9      | 5290 ||| DRINKING 2 potions of haste.
  5301 | D:9      | Killed a boulder beetle
  5302 | D:9      | Reached skill level 13 in Dodging
  5332 | D:9      | Found an iron altar of Okawaru.
  5333 | D:9      | 5333 ||| PLANNING OKAWARU WORSHIP
  5337 | D:9      | Became a worshipper of Warmaster Okawaru
  5338 | D:9      | 5338 ||| PLANNING D:1-11
  5432 | D:9      | Reached * piety under Okawaru
  5433 | D:9      | Reached skill level 14 in Dodging
  5492 | D:9      | Found a sacrificial altar of Ru.
  5536 | D:9      | 5536 ||| INVOKING Heroism.
  5542 | D:9      | Reached skill level 1 in Invocations
  5698 | D:9      | Found a radiant altar of Vehumet.
  5699 | D:9      | Found a broken altar of Ashenzari.
  5751 | D:9      | 5751 ||| READING scroll of identify.
  5751 | D:9      | 5751 ||| IDENTIFYING viscous blue potion
  5752 | D:9      | 5752 ||| DRINKING 2 dark potions.
  5753 | D:9      | 5753 ||| DROPPING potion of brilliance.
  5767 | D:10     | Entered Level 10 of the Dungeon
  5768 | D:10     | 5768 ||| STAIRDANCE
  5772 | D:10     | 5772 ||| STAIRDANCE
  5781 | D:10     | 5781 ||| STAIRDANCE
  5784 | D:9      | Reached skill level 3 in Invocations
  5817 | D:10     | Found Zolips's Book Shop.
  5864 | D:10     | Found a bloodstained altar of Trog.
  5977 | D:10     | Noticed a two-headed ogre
  5978 | D:10     | 5978 ||| INVOKING Heroism.
  5981 | D:10     | Killed a two-headed ogre
  5981 | D:10     | Reached ** piety under Okawaru
  5984 | D:10     | Reached skill level 12 in Ranged Weapons
  6012 | D:10     | 6012 ||| READING scroll of enchant armour.
  6012 | D:10     | 6012 ||| ENCHANTING +3 steam dragon scales.
  6036 | D:10     | Reached XP level 11. HP: 54/54 MP: 15/15
  6057 | D:10     | Found a glowing silver altar of Zin.
  6180 | D:10     | Noticed a two-headed ogre
  6181 | D:10     | 6181 ||| INVOKING Heroism.
  6184 | D:10     | Killed a two-headed ogre
  6219 | D:10     | Noticed an oklob plant
  6220 | D:10     | 6220 ||| INVOKING Heroism.
  6224 | D:10     | Killed an oklob plant
  6238 | D:10     | Found a staircase to the Lair.
  6375 | D:10     | 6375 ||| RETREEEEATING.
  6383 | D:10     | HP: 13/55 [orc priest/divine providence (15)]
  6384 | D:10     | 6384 ||| READING 3 scrolls of teleportation.
  6385 | D:10     | Killed from afar by an orc priest

Levels and vault maps discovered:
D:1:      dpeg_arrival_radiant, layout_rooms, dreamdust_princess_bridge,
          minmay_tetromino_i4
D:2:      layout_basic, minmay_misc_feat_five, kennysheep_nub
D:3:      layout_rooms, nicolae_dithmenos_shadow_blocks, lemuel_tele_altar,
          uniq_jessica
D:4:      layout_cave_pools, lightli_temple_of_fire, temple_pool_b, st_stairs_8,
          kennysheep_dice
D:5:      layout_basic, nicolae_kite_square_tiling_tiny, uniq_prince_ribbit1
D:6:      layout_rooms
D:7:      layout_basic, tgw_sif, enter_bailey_3
D:8:      layout_basic, mainiacjoe_overflow_concentric_impassable,
          minmay_microvault, uniq_joseph
D:9:      layout_rooms, grunt_temple_overflow_open,
          mainiacjoe_overflow_six_doors_small,
          mainiacjoe_overflow_surrounded_room, hex_intersection
D:10:     layout_rooms, mainiacjoe_overflow_alcove_4, trog_butcher_becter,
          dpeg_oklobed_lair, nicolae_take_the_stairs,
          chequers_serial_rivers_micro_b, grunt_ministairs_8,
          nicolae_shop_dragon_depot
Temple:   bh_familiar_temple

Skill      XL: |  1  2  3  4  5  6  7  8  9 10 11 |
---------------+----------------------------------+-----
Dodging        | 3 4 6 8 9 11 14 | 14.5
Ranged Weapons | 5 6 7 9 11 12 | 12.0
Fighting       | 2 3 4 5 |  5.1
Armour         | 1 |  1.0
Invocations    | 4 |  4.1
Stealth        | |  1.5

Action                     |  1- 3 |  4- 6 |  7- 9 | 10-12 || total
---------------------------+-------+-------+-------+-------++-------
   Fire: Shortbow          |    54 |       |       |       ||    54
         Arbalest          |    34 |    49 |   198 |   168 ||   449
 Invoke: Heroism           |       |       |       |     4 ||     4
  Evoke: Wand              |       |       |     4 |       ||     4
    Use: Scroll            |     4 |     7 |     8 |     7 ||    26
         Potion            |     1 |     3 |       |     2 ||     6
 Armour: Robe              |    17 |     9 |    32 |       ||    58
         Steam dragon scal |       |       |       |    19 ||    19
  Dodge: Dodged            |    34 |    23 |   115 |   134 ||   306

Table legend:
 A = Non-vault XP
 B = Vault XP
 C = Vault XP percentage of total XP
 D = Non-vault monster count
 E = Vault monster count
 F = Vault count percentage of total count
                 A         B        C        D         E       F
            +---------+---------+-------+---------+---------+-------
      Total |   11005 |    2133 |  16.2 |     173 |      26 |  13.1
            +---------+---------+-------+---------+---------+-------
        D:1 |      17 |       6 |  26.1 |      10 |       3 |  23.1
        D:2 |      47 |       0 |   0.0 |      16 |       0 |   0.0
        D:3 |      32 |      37 |  53.6 |      10 |       1 |   9.1
        D:4 |     555 |      60 |   9.8 |      12 |       4 |  25.0
        D:5 |    1094 |     259 |  19.1 |      26 |       1 |   3.7
        D:6 |     466 |       0 |   0.0 |       9 |       0 |   0.0
        D:7 |    1127 |      43 |   3.7 |      26 |       5 |  16.1
        D:8 |    1221 |     651 |  34.8 |      14 |       2 |  12.5
        D:9 |    3870 |       0 |   0.0 |      40 |       0 |   0.0
       D:10 |    2576 |    1077 |  29.5 |      10 |      10 |  50.0
            +---------+---------+-------+---------+---------+-------
